 Dungeon Crawl Stone Soup version 0.16-a0-286-g6bac339 (webtiles) character file.

100 MackTheKnife the Shield-Bearer (level 5, 0/43 HPs)
             Began as a Formicid Fighter on Aug 28, 2014.
             Slain by a gnoll
             ... wielding a +0 spear
              (8 damage)
             ... on Level 3 of the Dungeon.
             The game lasted 00:03:10 (2007 turns).

MackTheKnife the Shield-Bearer (Formicid Fighter)   Turns: 2007, Time: 00:03:10

HP   0/43        AC  9     Str 20      XL: 5   Next:  3%
MP   7/7         EV  7     Int  8      God:
Gold 94          SH  9     Dex 11      Spells:  0 memorised,  4 levels left

rFire  . . .     SeeInvis +     a - +1 flail
rCold  . . .     Clarity  .     b - +0 scale mail
rNeg   . . .     rCorr    .     c - +0 shield
rPois  .         rRot     .     (helmet unavailable)
rElec  .         Spirit   .     j - +0 cloak
SustAb .         Warding  .     o - +0 pair of gloves
rMut   .         Stasis   +     (no boots)
Gourm  .                        (no amulet)
MR     .....                    (no ring)
                                r - ring of stealth

@: not resistant to hostile enchantments, very unstealthy
A: permanent stasis, dig shafts and tunnels, four strong arms, antennae 3
a: Dig, Shaft Self


You were on level 3 of the Dungeon.
You were not hungry.

You visited 1 branch of the dungeon, and saw 3 of its levels.

You collected 94 gold pieces.


Innate Abilities, Weirdness & Mutations

Your are under a permanent stasis effect.
You can dig through walls and to a lower floor.
Your four strong arms can wield two-handed weapons with a shield.
You have a pair of large antennae on your head (SInv).


   Skills:
 + Level 4.3 Fighting
 + Level 3.3 Maces & Flails
 - Level 3.2 Armour
 + Level 4.4 Shields


You had 4 spell levels left.
You didn't know any spells.

Inventory:

Hand weapons
 a - a +1 flail (weapon)
Armour
 b - a +0 scale mail (worn)
 c - a +0 shield (worn)
 j - a +0 cloak (worn)
 o - a +0 pair of gloves (worn)
Comestibles
 d - 3 bread rations
 k - a meat ration
 u - 2 slices of pizza
Scrolls
 f - a scroll of amnesia
 v - a scroll of fog
Jewellery
 r - a ring of stealth (left hand)
Potions
 e - 2 potions of might
 g - a potion of resistance
 h - a potion of agility {unknown}
 i - a potion of invisibility {unknown}
 l - a potion of heal wounds {unknown}
 m - a potion of curing {unknown}
 n - a potion of brilliance {unknown}
 s - a potion of mutation {unknown}

▒▒ ·▒·
·· ····▒
·▒▒····▒
··▒···▒
▒·····▒
▒··>·g▒
{{ ▒g▒
▒g▒ ▒a▒
{▒g▒


{gsg ····▒ ·▒···· { ▒▒▒▒·▒▒· ▒·▒ · ▒·▒ · ··▒ You could see 4 gnolls, a giant
cockroach and a hobgoblin.


Message History

The giant cockroach waves its antennae.
Unknown command.
Your shield prevents you from hitting the gnoll.
You block the gnoll's attack.
The gnoll hits you from afar with a spear.
Unknown command.
Unknown command.
You closely miss the gnoll. The gnoll hits you but does no damage.
You block the gnoll's attack. The gnoll hits you with a club.
You block the gnoll's attack.
An adder comes into view.
You hit the gnoll but do no damage.
The adder moves out of view.
The gnoll hits you with a club!
The gnoll hits you from afar with a spear.
* * * LOW HITPOINT WARNING * * *
You block the gnoll's attack. The gnoll hits you with a club.
* * * LOW HITPOINT WARNING * * *
You block the gnoll's attack. The gnoll hits you but does no damage.
You closely miss the gnoll. The gnoll hits you but does no damage.
The gnoll hits you but does no damage. The gnoll closely misses you.
The gnoll hits you from afar with a spear.
* * * LOW HITPOINT WARNING * * *
You block the gnoll's attack.
You sock the gnoll!
The gnoll is heavily wounded.
The gnoll hits you with a club.
* * * LOW HITPOINT WARNING * * *
You block the gnoll's attack. x2
The gnoll hits you from afar with a spear!
You die...

Action                   |  1- 3 |  4- 6 || total
-------------------------+-------+-------++-------
Melee: Flail             |   107 |    78 ||   185
  Use: Scroll            |       |     8 ||     8
  Eat: Chunk             |     1 |     3 ||     4

Vault maps used:
D:1:      eino_arrival_tree_alley, moated_statue, xom_teletrap_fun
D:2:      grunt_temple_overflow_opulence, lemuel_doored_altar,
          grunt_temple_overflow_growth_and_decay, serial_bayou_pond_a,
          evilmike_ruin_ashenzari
D:3:      portal_sewer_entry_a, first_bread

Notes
Turn   | Place    | Note
--------------------------------------------------------------
     0 | D:1      | MackTheKnife, the Formicid Fighter, began the quest for the Orb.
     0 | D:1      | Reached XP level 1. HP: 18/18 MP: 1/1
   148 | D:1      | Reached XP level 2. HP: 21/24 MP: 3/3
   183 | D:1      | Found a shimmering altar of Xom.
   387 | D:1      | Reached skill level 4 in Shields
   550 | D:1      | Reached XP level 3. HP: 30/30 MP: 4/4
   947 | D:2      | Found a shattered altar of Ashenzari.
   968 | D:2      | Reached skill level 4 in Fighting
  1093 | D:2      | Found a stormy altar of Qazlal.
  1217 | D:2      | Reached XP level 4. HP: 37/37 MP: 5/5
  1300 | D:2      | Reached skill level 3 in Maces & Flails
  1301 | D:2      | Found a blossoming altar of Fedhas.
  1302 | D:2      | Found an ancient bone altar of Kikubaaqudgha.
  1718 | D:2      | Reached XP level 5. HP: 41/43 MP: 7/7
  1922 | D:2      | Found an opulent altar of Gozag.
  1922 | D:2      | Found a sparkling altar of Nemelex Xobeh.
  2007 | D:3      | Slain by a gnoll

Vanquished Creatures
  3 adders (D:2)
  4 worms (D:2)
  A giant gecko (D:1)
  An ooze (D:2)
  3 giant cockroaches (D:2)
  8 goblins
  6 hobgoblins
  4 kobolds
  A quokka (D:2)
  3 bats
  A giant newt (D:1)
  2 jackals (D:1)
  10 rats
47 creatures vanquished.
